 Dungeon Crawl Stone Soup version 0.22-a0-305-gd21a89c538 (webtiles) character file.

74 Oravi the Ducker (level 4, -1/26 HPs)
             Began as a Kobold Hunter on Mar 31, 2018.
             Killed from afar by an orc wizard (9 damage)
             ... with a puff of frost
             ... on level 3 of the Dungeon.
             The game lasted 00:10:18 (2218 turns).

Oravi the Ducker (Kobold Hunter)                    Turns: 2218, Time: 00:10:18

Health: -1/26      AC:  3    Str: 10    XL:     4   Next: 52%
Magic:  4/4        EV: 15    Int: 12    God:
Gold:   58         SH:  0    Dex: 15    Spells: 3/3 levels left

rFire    . . .     SeeInvis .   a - +1 hand crossbow
rCold    . . .     Gourm    .   (shield restricted)
rNeg     . . .     Faith    .   c - +0 leather armour
rPois    .         Spirit   .   (no helmet)
rElec    .         Reflect  .   (no cloak)
rCorr    .         Harm     .   (no gloves)
MR       .....                  (no boots)
Stlth    +.........             (no amulet)
HPRegen  0.08/turn              (no ring)
MPRegen  0.09/turn              (no ring)

@: heavily drained
A: small, carnivore
a: no special abilities


You were on level 3 of the Dungeon.
You were full.

You visited 1 branch of the dungeon, and saw 3 of its levels.

You collected 58 gold pieces.

Inventory:

Hand Weapons
 a - a +1 hand crossbow (weapon)
 b - a +0 short sword
Missiles
 d - 9 bolts (quivered)
Armour
 c - a +0 leather armour (worn)
 i - a +0 buckler
Jewellery
 e - an uncursed amulet of harm
Scrolls
 j - a scroll of magic mapping {unknown}
 l - a scroll of teleportation {unknown}
 n - a scroll of identify {unknown}
 o - a scroll of fog {unknown}
Potions
 m - a potion of resistance
Comestibles
 f - 5 rations


   Skills:
 - Level 2.1(0.9) Fighting
 + Level 1.0(0.0) Short Blades
 - Level 5.0(3.6) Crossbows
 + Level 5.1(3.7) Dodging
 - Level 1.3(0.1) Stealth


You had 3 spell levels left.
You didn't know any spells.

Dungeon Overview and Level Annotations

Branches:
Dungeon (3/15)

Altars:

Annotations:
D:2 Sigmund


Innate Abilities, Weirdness & Mutations

You are small and have problems with some larger weapons.
You are carnivorous and can eat meat at any time.


Message History

You shoot a bolt. The bolt barely misses the orc wizard.
The orc wizard points at you and mumbles some strange words.
The magic dart hits you!
The orc wizard miscasts a cantrip.
The orc wizard begins to cast a cantrip, but forgets the words!
The orc wizard casts a spell at you. The magic dart hits you!
The orc wizard casts a spell at you. The puff of flame hits you!
* * * LOW HITPOINT WARNING * * *
Okay, then.
You see here a bolt.
You see here a bolt.
The orc wizard points at you and mumbles some strange words.
The puff of frost misses you.
Things that are here:
2 chunks of flesh; a leopard gecko skeleton The orc wizard gestures at you while chanting.
The puff of frost hits you!
You die...

# #.#.##......# #.#.###...####.
.#.##.#.##.#..#####.#.# #.#.# ##
........##.#.....##.#.# #...#
.#+##.####.#.###.##.#.###.#o#
#...#......#.###.##.#.......#
.....#######........#####.###
..%...## ##.###.########..###
.......####...##.#####.o.....##
.......'........@.%..(o.(......+
.......####.(.#.######>#.....###
...<..## ##.##.# #.#.#.#.#
.....## ####.# #.#.....# #..$##
#.# #.###.#.# ##+## #.# #.. ...#
#.# ### ### #.# #.#


You could see 2 orc wizards.

Vanquished Creatures
  2 adders
  2 worms
  A dart slug (D:1)
  A leopard gecko (D:3)
  An orc (D:3)
  4 bats
  4 giant cockroaches (D:1)
  6 goblins
  4 hobgoblins
  3 jackals (D:2)
  A ball python (D:2)
  6 frilled lizards
  5 kobolds
  6 rats
46 creatures vanquished.

Notes
Turn   | Place    | Note
-------+----------+-------------------------------------------
     0 | D:1      | Oravi the Kobold Hunter began the quest for the Orb.
     0 | D:1      | Reached XP level 1. HP: 12/12 MP: 1/1
    52 | D:1      | Reached skill level 5 in Crossbows
   107 | D:1      | Reached XP level 2. HP: 17/17 MP: 2/2
   506 | D:1      | Reached XP level 3. HP: 21/21 MP: 3/3
  1019 | D:2      | Noticed Sigmund
  1499 | D:2      | Reached XP level 4. HP: 26/26 MP: 4/4
  2131 | D:3      | Reached skill level 5 in Dodging
  2188 | D:3      | Reached skill level 1 in Short Blades
  2218 | D:3      | Killed from afar by an orc wizard

Vault maps used:
D:1:      mainiacjoe_arrival_reflecting_pool
D:2:      minivault_14, uniq_sigmund
D:3:      uniq_robin, uniq_natasha

Skill      XL: |  1  2  3  4 |
---------------+-------------+-----
Crossbows      | 5 |  5.0
Dodging        | 3 4 5 |  5.1
Short Blades   | 1 |  1.0
Fighting       | |  2.1
Stealth        | |  1.3

Action                   |  1- 3 |  4- 6 || total
-------------------------+-------+-------++-------
Melee: Short sword       |    25 |     8 ||    33
       Unarmed           |     2 |       ||     2
 Fire: Hand crossbow     |    56 |    21 ||    77
  Use: Potion            |       |     3 ||     3
  Eat: Chunk             |     9 |       ||     9
Armor: Leather armour    |     5 |     2 ||     7
       Skin              |     1 |     1 ||     2
Dodge: Dodged            |    29 |    10 ||    39

Table legend:
 A = Spawn XP
 B = Non-spawn XP
 C = Spawn XP percentage of total XP
 D = Spawn monster count
 E = Non-spawn monster count
 F = Spawn count percentage of total count
 G = Total turns spent on level
                    A         B        C        D         E        F      G
               +---------+---------+-------+---------+---------+-------+---------
         Total |       0 |     106 |   0.0 |       0 |      46 |   0.0 |  2218
               +---------+---------+-------+---------+---------+-------+---------
           D:1 |       0 |      39 |   0.0 |       0 |      24 |   0.0 |  1325
           D:2 |       0 |      41 |   0.0 |       0 |      17 |   0.0 |   757
           D:3 |       0 |      26 |   0.0 |       0 |       5 |   0.0 |   136
               +---------+---------+-------+---------+---------+-------+---------
